 Dungeon Crawl Stone Soup version 0.21-a0-72-gbbb65ab (webtiles) character file.

96 grindst0ne the Shield-Bearer (level 4, 0/38 HPs)
             Began as a Formicid Fighter on June 20, 2017.
             Succumbed to an adder's poison
             ... on level 2 of the Dungeon.
             The game lasted 00:03:06 (2388 turns).

grindst0ne the Shield-Bearer (Formicid Fighter)     Turns: 2388, Time: 00:03:06

Health: 0/38       AC:  7    Str: 21    XL:     4   Next: 98%
Magic:  4/4        EV:  8    Int: 14    God:
Gold:   142        SH:  9    Dex: 11    Spells: 3/3 levels left

rFire    . . .     SeeInvis +   a - +0 war axe
rCold    . . .     Gourm    .   c - +0 shield
rNeg     + . .     Faith    .   b - +0 scale mail
rPois    .         Spirit   .   (helmet unavailable)
rElec    .         Reflect  .   (no cloak)
rCorr    .         Harm     .   (no gloves)
MR       .....     Clarity  +   (no boots)
Stlth    ..........             (no amulet)
HPRegen  0.12/turn              j - ring of positive energy
MPRegen  0.09/turn              (no ring)

@: brilliant, lethally poisoned (0 -> -1), flying, starving
A: permanent stasis, dig shafts and tunnels, four strong arms, antennae 3,
clarity, clever 1
a: Dig, Shaft Self


You were on level 2 of the Dungeon.
You were starving.

You visited 1 branch of the dungeon, and saw 3 of its levels.

You collected 142 gold pieces.

Inventory:

Hand Weapons
 a - a +0 war axe (weapon)
Armour
 b - a +0 scale mail (worn)
 c - a +0 shield (worn)
Jewellery
 j - a ring of positive energy (left hand)
 r - an uncursed amulet of harm {unknown}
Scrolls
 g - 3 scrolls of identify {unknown}
 h - a scroll of blinking {unknown}
 k - a scroll of fear {unknown}
 l - a scroll of magic mapping {unknown}
 o - a scroll of teleportation {unknown}
 p - a scroll of remove curse {unknown}
Potions
 d - a potion of might
 m - a potion of brilliance
 n - a potion of flight
Comestibles
 f - 4 bread rations
 i - 4 royal jellies


   Skills:
 + Level 4.3 Fighting
 - Level 2.0 Axes
 + Level 4.2 Armour
 + Level 4.5 Shields


You had 3 spell levels left.
You didn't know any spells.

Dungeon Overview and Level Annotations

Branches:
Dungeon (3/15)

Altars:

Annotations:
D:3 grindst0ne's ghost, amateur FoFi


Innate Abilities, Weirdness & Mutations

You cannot be hasted, slowed, berserked, paralysed or teleported.
You can dig through walls and to a lower floor.
Your four strong arms can wield two-handed weapons with a shield.
You have a pair of large antennae on your head. (SInv)
You possess an exceptional clarity of mind.
Your mind is acute. (Int +2)


Message History

It was a potion of flight.
You feel very buoyant.
You fly up into the air.
* * * LOW HITPOINT WARNING * * *
You feel sick.
It was a potion of mutation.
You feel extremely strange.
You feel clever.
Your thoughts seem clearer.
* * * LOW HITPOINT WARNING * * *
You feel sick.
* * * LOW HITPOINT WARNING * * *
You feel sick.
* * * LOW HITPOINT WARNING * * *
You feel sick.
You are starving!
* * * LOW HITPOINT WARNING * * *
You feel sick.
* * * LOW HITPOINT WARNING * * *
You feel sick.
You see here an adder corpse.
You die...

.......##......##.........#
#.##.#.##...##.##..########
#.......###.##..#..#
........# #.##.....#
####....# #.###.##.#
....<...###)# #.†#.#
######......# ##.#.#
............####...##
#####...........@..)#
#####.........)...>.##
#...'.........)..)...#
..###................# ..#
#................# ..#
#................# #.#
#................# #.#
#.......#####....# #.#
#.......# #....#


There were no monsters in sight!

Vanquished Creatures
  3 adders (D:2)
  An ooze (D:2)
  A worm (D:2)
  3 dart slugs (D:1)
  2 leopard geckos
  2 giant cockroaches
  9 goblins
  9 hobgoblins
  A quokka (D:2)
  7 bats
  5 frilled lizards
  6 kobolds
  5 rats
54 creatures vanquished.

Notes
Turn   | Place    | Note
-------+----------+-------------------------------------------
     0 | D:1      | grindst0ne the Formicid Fighter began the quest for the Orb.
     0 | D:1      | Reached XP level 1. HP: 18/18 MP: 1/1
   163 | D:1      | Reached XP level 2. HP: 24/24 MP: 2/2
   372 | D:1      | Reached XP level 3. HP: 28/30 MP: 3/3
  1015 | D:2      | Reached XP level 4. HP: 37/37 MP: 4/4
  1498 | D:3      | Noticed grindst0ne's ghost (amateur FoFi)
  2369 | D:2      | Gained mutation: Your mind is acute. (Int +2) [potion of mutation]
  2369 | D:2      | Gained mutation: You possess an exceptional clarity of mind. [potion of mutation]
  2380 | D:2      | HP: 1/38 [poisoned by an adder]
  2388 | D:2      | Succumbed to an adder's poison

Vault maps used:
D:1:      elethiomel_arrival_maze
D:2:      first_bread

Skill      XL: |  1  2  3 |
---------------+----------+-----
Shields        | 4 |  4.5
Armour         | 4 |  4.2
Fighting       | 4 |  4.3
Axes           | |  2.0

Action                   |  1- 3 |  4- 6 || total
-------------------------+-------+-------++-------
Melee: War axe           |    96 |    97 ||   193
  Use: Potion            |       |     3 ||     3
  Eat: Chunk             |       |     3 ||     3
Armor: Scale mail        |    60 |    58 ||   118
Dodge: Dodged            |    41 |    42 ||    83
Block: Shield            |    65 |    72 ||   137
